 Dungeon Crawl Stone Soup version 0.31.0-7-gf635a9b802 (webtiles) character file.

Game seed: 293598633881873316

10063 monsoonserge the Grappler (level 11, -27/109 HPs)
             Began as a Troll Berserker on Jan 23, 2024.
             Was an Elder of Trog.
             Annihilated by a large slime creature (36 damage)
             ... on level 11 of the Dungeon.
             The game lasted 00:24:55 (9595 turns).

monsoonserge the Grappler (Troll Berserker)         Turns: 9595, Time: 00:24:56

Health: -27/109    AC:  7    Str: 31    XL:     11   Next: 31%
Magic:  10/10      EV: 11    Int:  3    God:    Trog [****..]
Gold:   169        SH:  9    Dex: 12    Spells: 10/10 levels left

rFire   + .          .
                       - Unarmed
rCold   . . .        D - +0 kite shield
rNeg    + . .        N - +1 robe {Will+}
rPois   .            (helmet restricted)
rElec   .            R - +1 cloak
rCorr   .            (gloves unavailable)
SInv    +            (boots unavailable)
Will    +++..        (no amulet)
Stlth   ++           u - ring of Guprulao {rF+ Dex+3 SInv Stlth+}
HPRegen 2.18/turn    I - ring of positive energy
MPRegen 0.12/turn

%: no passive effects
@: strong-willed, regenerating
A: large, unfitting armour, claws 3, regeneration 1, shaggy fur 1, tough skin 1
a: Renounce Religion, Berserk, Trog's Hand, Brothers in Arms


You were on level 11 of the Dungeon.
You worshipped Trog.
Trog was greatly pleased with you.
You visited 2 branches of the dungeon, and saw 13 of its levels.

You collected 492 gold pieces.
You spent 323 gold pieces at shops.

Inventory:

Missiles
 h - 14 boomerangs (quivered)
 j - 41 poisoned darts
 l - 2 throwing nets
 x - 5 curare-tipped darts
 J - 12 atropa-tipped darts
 T - 3 large rocks
Armour
 q - a +2 robe of fire resistance
 D - a +0 kite shield (worn)
 N - a +1 robe of willpower (worn)
 R - a +1 cloak (worn)
Jewellery
 u - the ring of Guprulao (left claw) {rF+ Dex+3 SInv Stlth+}
   (You found it on level 5 of the Dungeon)

   [ring of protection from fire]

   Dex+3:     It affects your dexterity (+3).
   rF+:       It protects you from fire.
   SInv:      It lets you see invisible.
   Stlth+:    It makes you more stealthy.
 B - a ring of protection from fire
 I - a ring of positive energy (right claw)
 O - a +6 ring of intelligence
Talismans
 S - a serpent talisman
Wands
 s - a wand of iceblast (18)
 L - a wand of digging (5)
 P - a wand of quicksilver (6)
Scrolls
 a - a scroll of summoning
 b - 9 scrolls of identify {unknown}
 d - 4 scrolls of vulnerability {unknown}
 f - 7 scrolls of enchant armour {unknown}
 i - 3 scrolls of blinking {unknown}
 o - 2 scrolls of immolation {unknown}
 p - 6 scrolls of teleportation {unknown}
 w - a scroll of revelation {unknown}
 y - a scroll of fog {unknown}
 z - 2 scrolls of silence {unknown}
 A - 2 scrolls of fear {unknown}
 C - 2 scrolls of enchant weapon {unknown}
 F - 2 scrolls of amnesia {unknown}
 G - 2 scrolls of torment {unknown}
 K - a scroll of acquirement {unknown}
 M - a scroll of noise {unknown}
Potions
 c - 2 potions of cancellation {unknown}
 e - 7 potions of curing
 g - 6 potions of attraction {unknown}
 k - 6 potions of mutation
 m - 2 potions of enlightenment {unknown}
 n - 3 potions of berserk rage {unknown}
 r - 3 potions of lignification {unknown}
 t - a potion of resistance {unknown}
 v - a potion of might {unknown}
 E - a potion of brilliance {unknown}
 H - 3 potions of degeneration {unknown}
 Q - 2 potions of magic {unknown}


   Skills:
 + Level 7.0 Fighting
 + Level 1.2 Throwing
 + Level 6.9 Dodging
 * Level 6.4 Shields
 * Level 12.3 Unarmed Combat
 - Level 1.0 Evocations


You had 10 spell levels left.
You didn't know any spells.
Your spell library contained the following spells:

 Spells                   Type           Power      Damage    Failure   Level
 Kiss of Death            Conj/Necr      0%         2d5       71%         1
 Magic Dart               Conj           0%         1d3       71%         1
 Blink                    Tloc           0%         N/A       83%         2
 Call Imp                 Summ           0%         N/A       83%         2
 Cigotuvi's Dreadful Rot  Necr/Alch/Air  0%         N/A       83%         2
 Confusing Touch          Hex            0%         N/A       97%         3
 Animate Armour           Summ/Erth      0%         N/A       100%        4
 Dispel Undead            Necr           0%         3d6       100%        4
 Martyr's Knell           Necr/Summ      0%         N/A       100%        4
 Summon Lightning Spire   Summ/Air       0%         N/A       100%        4
 Lee's Rapid Deconstruct  Erth           0%         3d4*      100%        5
 Death Channel            Necr           0%         N/A       100%        6


Dungeon Overview and Level Annotations

Branches:
Dungeon (12/15)            Temple (1/1) D:4            Lair (0/5) D:9
    Orc (0/2) D:10

Altars:
Ashenzari
Cheibriados
Dithmenos
Elyvilon
Fedhas
Gozag
Hepliaklqana
Kikubaaqudgha
Makhleb
Nemelex Xobeh
Okawaru
Qazlal
Ru
Sif Muna
Trog
Uskayaw
Vehumet
Wu Jian
Xom
Yredelemnul
Zin
The Shining One

Shops:
D:2 *   D:8 :


Innate Abilities, Weirdness & Mutations

You are too large for most types of armour.
You have claws for hands.
Your natural rate of healing is unusually fast.
You are covered in fur. (AC +1)
You have tough skin. (AC +1)


Message History

Throw: 14 boomerangs
Press: ? - help, Q - select action, (/) - cycle Shift-Dir - straight line, f - large slime creature
Aim: a large slime creature (81% to hit)
You throw a boomerang.
The boomerang hits the large slime creature!
The large slime creature is lightly wounded.
Throw: 14 boomerangs
Press: ? - help, Q - select action, (/) - cycle Shift-Dir - straight line, f/p - large slime creature
Aim: a large slime creature (lightly wounded, 81% to hit)
You throw a boomerang.
The boomerang hits the large slime creature!
The large slime creature is lightly wounded.
The large slime creature hits you!
You scratch the large slime creature.
The large slime creature is lightly wounded.
The large slime creature closely misses you.
You mangle the large slime creature!!
The large slime creature is moderately wounded.
The large slime creature hits you!!
* * * LOW HITPOINT WARNING * * *
You mangle the large slime creature!!
The large slime creature is heavily wounded.
You claw the large slime creature!
The large slime creature is severely wounded.
The large slime creature closely misses you.
You scratch the large slime creature but do no damage.
The large slime creature is severely wounded.
The large slime creature hits you!
* * * LOW HITPOINT WARNING * * *
You mangle the large slime creature!!
The large slime creature is almost dead.
The large slime creature hits you!
* * * LOW HITPOINT WARNING * * *
Your skin crawls.
You feel strong-willed.
The large slime creature hits you but does no damage.
You scratch the large slime creature.
The large slime creature is almost dead.
The large slime creature hits you!!!
You die...

#.#.#######.#.#.......###
#.#.#...............#.#
#.#.#.###[..#.#######.#
#.#.#.##>...#.# #.#
#.#.#.##)##.#.# #.#
#.#.#.......#.# #.#
#.#.####.####.# #.# #.#.#
#J# #.#######'### #.#.#
#@# #............
#.#.####'###########.....
#.#<...............#.....
#.##...............######
#.##...............#
#.##...............#
#.#########.######## #.#
#...# #.# ###.#


You could see a large slime creature.

Vanquished Creatures
  2 two-headed ogres
  A cyclops (D:11)
  Maurice (D:11)
  An unseen horror (D:11)
  Jeremiah (D:9)
  Psyche (D:9)
  3 trolls
  A hornet (D:11)
  2 slime creatures
  Sigmund (D:2)
  A wyvern (D:9)
  3 shadows
  12 yaks
  A vampire (D:11)
  2 wraiths (D:11)
  2 steam dragons
  An orc warrior (D:10)
  2 sky beasts
  2 ice beasts (D:7)
  A black bear (D:8)
  2 ogres
  A centaur (D:9)
  2 phantoms
  3 kobold brigands
  15 killer bees
  3 howler monkeys
  2 bombardier beetles
  3 hounds
  4 orc priests
  A gnoll bouda (D:8)
  2 sleepcaps (D:6)
  Natasha (thrice) (D:2)
  Terence (D:2)
  13 orc wizards
  11 gnolls
  8 adders
  A shadow imp (D:8)
  2 white imps
  2 ufetubi (D:6)
  2 dart slugs
  5 ribbon worms
  43 orcs
  5 endoplasms
  A giant cockroach (D:3)
  12 goblins
  7 hobgoblins
  3 jackals (D:4)
  12 kobolds
  3 quokkas
  5 ball pythons
  A bat (D:2)
  3 frilled lizards
  3 rats
225 creatures vanquished.

Vanquished Creatures (others)
  An orc (D:5)
1 creature vanquished.

Grand Total: 226 creatures vanquished

Notes
Turn   | Place    | Note
-------+----------+-------------------------------------------
     0 | D:1      | monsoonserge the Troll Berserker began the quest for the
                  | Orb.
     0 | D:1      | Reached XP level 1. HP: 22/22 MP: 0/0
   419 | D:1      | Reached XP level 2. HP: 29/29 MP: 1/1
   938 | D:2      | Found Zoxzofuzyn's General Store.
  1039 | D:2      | Noticed Natasha
  1045 | D:2      | Killed Natasha
  1046 | D:2      | Reached skill level 4 in Unarmed Combat
  1046 | D:2      | Reached XP level 3. HP: 33/36 MP: 2/2
  1097 | D:2      | Noticed Natasha
  1101 | D:2      | Killed Natasha
  1102 | D:2      | Reached XP level 4. HP: 44/44 MP: 3/3
  1138 | D:2      | Noticed Natasha
  1143 | D:2      | Killed Natasha
  1143 | D:2      | Reached ** piety under Trog
  1369 | D:2      | Noticed Terence
  1369 | D:2      | Noticed Sigmund
  1391 | D:2      | Killed Sigmund
  1392 | D:2      | Reached skill level 6 in Unarmed Combat
  1392 | D:2      | Reached XP level 5. HP: 53/53 MP: 4/4
  1393 | D:2      | Killed Terence
  1394 | D:2      | Reached XP level 6. HP: 61/61 MP: 5/5
  1671 | D:2      | Bought a potion of curing for 33 gold pieces
  2522 | D:3      | Found a glowing golden altar of the Shining One.
  2639 | D:4      | Reached *** piety under Trog
  2646 | D:4      | Reached XP level 7. HP: 65/65 MP: 6/6
  2685 | D:4      | Found a staircase to the Ecumenical Temple.
  2705 | Temple   | Entered the Ecumenical Temple
  2765 | D:4      | Reached skill level 7 in Unarmed Combat
  3005 | D:5      | Entered Level 5 of the Dungeon
  3078 | D:2      | Bought a scroll of summoning for 104 gold pieces
  3313 | D:5      | Reached XP level 8. HP: 78/78 MP: 7/7
  3314 | D:5      | Found Fyshre's Jewellery Emporium.
  3376 | D:5      | Identified the +6 short sword of Skirmishing {spect, Int+3}
  3382 | D:5      | Reached skill level 8 in Unarmed Combat
  3443 | D:5      | Reached **** piety under Trog
  3473 | D:5      | Identified the ring of Guprulao {rF+ Dex+3 SInv Stlth+}
  4524 | D:2      | Bought a potion of mutation for 88 gold pieces
  4634 | D:7      | Reached skill level 9 in Unarmed Combat
  4643 | D:7      | Reached skill level 5 in Fighting
  4643 | D:7      | Reached skill level 5 in Dodging
  4653 | D:6      | Reached XP level 9. HP: 47/88 MP: 8/8
  5008 | D:2      | Bought 3 curare-tipped darts for 39 gold pieces
  5273 | D:7      | Found a snail-covered altar of Cheibriados.
  5331 | D:7      | Reached skill level 10 in Unarmed Combat
  6012 | D:8      | Found Xevvor's Tremendous Tomes.
  6047 | D:8      | Reached ***** piety under Trog
  6127 | D:8      | Reached skill level 1 in Shields
  6309 | D:8      | Received a gift from Trog
  7012 | D:2      | Bought 6 atropa-tipped darts for 59 gold pieces
  7240 | D:9      | Noticed Jeremiah
  7454 | D:9      | Found a staircase to the Lair.
  7478 | D:9      | Killed Jeremiah
  7479 | D:9      | Reached XP level 10. HP: 98/98 MP: 9/9
  7628 | D:9      | Noticed a two-headed ogre
  7636 | D:9      | Killed a two-headed ogre
  7637 | D:9      | Reached skill level 11 in Unarmed Combat
  7697 | D:9      | Noticed Psyche
  7703 | D:9      | Killed Psyche
  8185 | D:10     | Entered Level 10 of the Dungeon
  8311 | D:10     | Reached skill level 5 in Shields
  8318 | D:10     | Found a staircase to the Orcish Mines.
  8496 | D:10     | Noticed a two-headed ogre
  8506 | D:10     | Killed a two-headed ogre
  8929 | D:11     | Reached skill level 12 in Unarmed Combat
  8939 | D:11     | Reached XP level 11. HP: 81/107 MP: 10/10
  9449 | D:11     | Noticed Maurice
  9456 | D:11     | Killed Maurice
  9457 | D:11     | Reached skill level 1 in Throwing
  9555 | D:11     | Reached skill level 1 in Evocations
  9593 | D:11     | HP: 5/109 [large slime creature (13)]
  9595 | D:11     | Annihilated by a large slime creature

Illustrated notes

Levels and vault maps discovered:
D:1:      elethiomel_arrival_quiet, layout_basic
D:2:      layout_loops_ring, serial_shops, shop, minmay_misc_feat_pillars,
          uniq_terence, uniq_sigmund, uniq_natasha
D:3:      minmay_skewed_foursquare, layout_basic,
          nicolae_tso_swordbearing_angel, minivault_27, grunt_ministairs_5
D:4:      layout_rooms, minmay_temple_entry_drinking_statues,
          chequers_serial_rivers_small_a
D:5:      layout_rooms, serial_shops, shop
D:6:      layout_loops_ring
D:7:      layout_basic, slow_altar_2
D:8:      layout_basic, nicolae_shop_i_like_big_books
D:9:      layout_gridville, dpeg_oklobed_lair, uniq_jeremiah, uniq_psyche
D:10:     layout_big_octagon, orc_0_dummy
D:11:     layout_basic, uniq_maurice
D:12:     layout_rooms
Temple:   nicolae_temple_bog_church

Skill      XL: |  1  2  3  4  5  6  7  8  9 10 11 |
---------------+----------------------------------+-----
Unarmed Combat | 4 6 7 9 10 12 | 12.3
Dodging        | 3 4 5 6 |  6.9
Fighting       | 3 4 5 6 7 |  7.0
Shields        | 3 5 6 |  6.4
Throwing       | 1 |  1.2
Evocations     | 1 |  1.0

Action                     |  1- 3 |  4- 6 |  7- 9 | 10-12 || total
---------------------------+-------+-------+-------+-------++-------
  Melee: Unarmed           |    41 |   112 |   309 |   162 ||   624
         Punch             |       |     3 |    15 |       ||    18
  Throw: Dart              |       |       |       |     9 ||     9
         Boomerang         |       |       |       |     2 ||     2
 Invoke: Berserk           |       |     1 |     2 |     3 ||     6
         Trog's Hand       |       |       |       |     1 ||     1
   Stab: Sleeping          |       |     1 |     4 |     4 ||     9
         Distracted        |       |       |     1 |       ||     1
 Armour: Animal skin       |    20 |    64 |    20 |       ||   104
         Robe              |       |       |   175 |    95 ||   270
  Dodge: Dodged            |    12 |    46 |   108 |    54 ||   220
  Block: Kite shield       |       |       |    38 |    76 ||   114
